 Dungeon Crawl Stone Soup version 0.19-a0-926-g4486784 (webtiles) character file.

139 Implojin the Chopper (level 5, -4/45 HPs)
             Began as a Minotaur Fighter on July 7, 2016.
             Killed from afar by Blork the orc (10 damage)
             ... with a magic dart
             ... on level 6 of the Dungeon.
             The game lasted 00:03:30 (560 turns).

Implojin the Chopper (Minotaur Fighter)              Turns: 560, Time: 00:03:30

Health: -4/45      AC:  6    Str: 25    XL:     5   Next: 1%
Magic:  4/4        EV:  7    Int:  5    God:
Gold:   2          SH: 10    Dex: 11    Spells: 0 memorised, 4 levels left

rFire  . . .     SeeInvis .     a - +0 war axe
rCold  . . .     Gourm    .     b - +0 scale mail
rNeg   . . .     Faith    .     c - +0 shield
rPois  .         Spirit   .     (helmet restricted)
rElec  .         Dismiss  .     (no cloak)
rCorr  .         Reflect  .     (no gloves)
SustAt .         Harm     .     (no boots)
MR     .....                    (no amulet)
Stlth  ..........               (no ring)
                                (no ring)

@: mighty, not resistant to hostile enchantments, extremely unstealthy
A: retaliatory headbutt, horns 2
a: no special abilities


You were on level 6 of the Dungeon.
You were not hungry.

You visited 1 branch of the dungeon, and saw 6 of its levels.
You also visited: Sewer.

You collected 2 gold pieces.

Inventory:

Hand Weapons
 a - a +0 war axe (weapon)
Armour
 b - a +0 scale mail (worn)
 c - a +0 shield (worn)
Jewellery
 j - a cursed amulet of inaccuracy {unknown}
Scrolls
 e - 2 scrolls of recharging {unknown}
 i - a scroll of magic mapping {unknown}
 k - a scroll of fog {unknown}
Potions
 d - a potion of might
 h - a potion of heal wounds {unknown}
Comestibles
 f - 2 bread rations
 g - a meat ration


   Skills:
 - Level 3.6 Fighting
 * Level 6.3 Axes
 - Level 3.6 Armour
 - Level 3.6 Shields


You had 4 spell levels left.
You didn't know any spells.

Dungeon Overview and Level Annotations

Branches:
Dungeon (6/15)
 Temple: D:4-7

Altars:

Annotations:
D:6 Blork the orc


Innate Abilities, Weirdness & Mutations

You reflexively headbutt those who attack you in melee.
You have a pair of horns on your head.


Message History

You slice the jackal skeleton!!
You destroy the jackal skeleton!
You slash the orc!
You kill the orc!
You slash the adder skeleton! You headbutt the adder skeleton.
You destroy the adder skeleton!
Blork the orc gestures wildly while chanting.
Blork the orc seems to speed up.
The adder bites you.
* * * LOW HITPOINT WARNING * * *
You hear a shout!
Unknown command.
You slash the adder!
You kill the adder!
You have reached level 5!
Blork the orc gestures at you while chanting.
The puff of flame hits you!
* * * LOW HITPOINT WARNING * * *
Things that are here:
a falchion; an orc corpse Unknown command.
You closely miss Blork the orc. You block Blork the orc's attack.
Blork the orc hits you with a mace.
* * * LOW HITPOINT WARNING * * *
An orc comes into view.
Unknown command.
Your shield prevents you from hitting Blork the orc.
Your headbutt misses Blork the orc.
Blork the orc gestures at you while chanting.
The magic dart hits you! Blork the orc completely misses you.
An ogre comes into view. It is wielding a giant spiked club.
The ogre shouts!
You hit Blork the orc.
Blork the orc is lightly wounded.
You block Blork the orc's attack.
You hit Blork the orc.
Blork the orc is lightly wounded.
Blork the orc hits you but does no damage.
Blork the orc gestures at you while chanting.
The magic dart hits you!
You die...

#........... .
.# #...S......#
.#.### .
...........#
.....#..
.....Z.....#
#..... .
#.......#
#.#.#o.[
#<.#####o....o.
#.##...oo#
#.SZ.###o#
#.o#### #@#
#..# #.# ....#
#$..# .##.##
#O### .. .? #.
. ..o # ...


You could see Blork the orc, an ogre and 3 orcs.

Vanquished Creatures
  An orc wizard (D:5)
  A worker ant (D:4)
  An adder (D:6)
  A gnoll (D:2)
  2 river rats (D:5)
  An ooze (Sewer)
  An adder skeleton (D:6)
  A dart slug (D:1)
  7 giant geckos
  4 orcs
  A bat (D:1)
  5 giant cockroaches
  A hobgoblin (D:1)
  A ball python (D:5)
  2 giant newts
  A goblin (D:1)
  A jackal skeleton (D:6)
  2 kobolds (D:1)
  3 rats (D:5)
37 creatures vanquished.

Notes
Turn   | Place    | Note
-------+----------+-------------------------------------------
     0 | D:1      | Implojin the Minotaur Fighter began the quest for the Orb.
     0 | D:1      | Reached XP level 1. HP: 19/19 MP: 0/0
    27 | D:1      | Reached skill level 3 in Axes
    42 | D:1      | Reached XP level 2. HP: 21/26 MP: 1/1
   143 | D:3      | Reached skill level 4 in Axes
   192 | D:4      | Reached XP level 3. HP: 31/31 MP: 2/2
   194 | D:5      | Entered Level 5 of the Dungeon
   308 | D:5      | Reached skill level 5 in Axes
   342 | D:5      | Reached XP level 4. HP: 37/39 MP: 3/3
   345 | D:5      | Found a glowing drain.
   360 | Sewer    | Entered a sewer
   498 | D:5      | Reached skill level 6 in Axes
   541 | D:6      | Noticed Blork the orc
   555 | D:6      | Reached XP level 5. HP: 16/45 MP: 4/4
   559 | D:6      | Noticed an ogre
   560 | D:6      | Killed from afar by Blork the orc

Vault maps used:
D:1:      onia_arrival_mini_spirals
D:3:      lightli_temple_of_fire, uniq_jessica
D:4:      first_bread, eino_small_chamber_without_monster, minmay_checkerbox
D:5:      gup_sewer_entry_bubbles
D:6:      uniq_eustachio, uniq_blork_the_orc
Sewer:    sewer_frog_island_02

Skill      XL: |  1  2  3  4 |
---------------+-------------+-----
Axes           | 3 4 5 6 |  6.3
Fighting       | |  3.6
Armour         | |  3.6
Shields        | |  3.6

Action                   |  1- 3 |  4- 6 || total
-------------------------+-------+-------++-------
Melee: War axe           |    46 |    43 ||    89
       Headbutt          |     5 |     8 ||    13
  Use: Potion            |       |     1 ||     1
Armor: Scale mail        |    20 |    21 ||    41
Dodge: Dodged            |    23 |     8 ||    31
Block: Shield            |    21 |    14 ||    35

Table legend:
 A = Turns spent in this place as a percentage of turns spent in the entire game.
 B = Non-inter-level travel turns spent in this place as a percentage of non-inter-level travel turns spent in the entire game.
 C = Inter-level travel turns spent in this place as a percentage of turns spent in this place.
 D = Turns resting spent in this place as a percentage of non-inter-level travel turns spent in this place.
 E = Turns spent auto-exploring this place as a percentage of non-inter-level travel turns spent in this place.
 F = Non-inter-level travel turns spent in this place divided by the number of levels of this place that you've seen.
                   A       B       C       D       E      F
               +-------+-------+-------+-------+-------+----------------------
         Total | 100.0 | 100.0 |   0.0 |   0.0 |   0.0 |  80.0
       Dungeon |  92.7 |  92.7 |   0.0 |   0.0 |   0.0 |  86.5
         Sewer |   7.3 |   7.3 |   0.0 |   0.0 |   0.0 |  41.0
               +-------+-------+-------+-------+-------+----------------------

Table legend:
 A = Kills in this place as a percentage of kills in entire the game.
 B = Kills by you in this place as a percentage of kills by you in the entire game.
 C = Kills by friends in this place as a percentage of kills by friends in the entire game.
 D = Other kills in this place as a percentage of other kills in the entire game.
 E = Experience gained in this place as a percentage of experience gained in the entire game.
 F = Experience gained in this place divided by the number of levels of this place that you have seen.
                   A       B       C       D       E      F
               +-------+-------+-------+-------+-------+----------------------
         Total | 100.0 | 100.0 |  -nan |  -nan | 100.0 |  28.4
       Dungeon |  81.1 |  81.1 |  -nan |  -nan |  89.9 |  29.8
         Sewer |  18.9 |  18.9 |  -nan |  -nan |  10.1 |  20.0
               +-------+-------+-------+-------+-------+----------------------
